 Dungeon Crawl Stone Soup version 0.28-a0-1234-g826d19b2e0 (webtiles) character file.

Game seed: 6008495180884244675

212561 silenth the Slayer (level 18, -7/183 HPs)
             Began as a Hill Orc Fighter on Dec 22, 2021.
             Was the Champion of Kikubaaqudgha.
             Engulfed by a cloud of freezing vapour (21 damage)
             ... on level 2 of the Shoals on Dec 23, 2021.
             The game lasted 01:24:21 (39073 turns).

silenth the Slayer (Hill Orc Fighter)              Turns: 39073, Time: 01:24:22

Health: -7/183     AC:  0    Str: 23    XL:     18   Next: 93%
Magic:  0/27       EV: 17    Int: 12    God:    Kikubaaqudgha [******]
Gold:   502        SH:  8    Dex: 10    Spells: 19/29 levels left

rFire   . . .      SeeInvis .   (weapon currently unavailable)
rCold   . . .      Faith    .   (shield currently unavailable)
rNeg    . . .      Spirit   +   (armour currently unavailable)
rPois   .          Reflect  .   (helmet currently unavailable)
rElec   .          Harm     .   (cloak currently unavailable)
rCorr   .          Rampage  .   (gloves currently unavailable)
Will    +....                   (boots currently unavailable)
Stlth   +++.......              V - brooch of Shielding {Spirit SH+8}
HPRegen 0.40/turn               (ring currently unavailable)
MPRegen 0.20/turn               (ring currently unavailable)

@: pig-form (expiring), very quick
A: fast, no casting, small
}: 1/15 runes: serpentine
a: Renounce Religion, Receive Corpses, Torment, Brand Weapon With Pain, Receive
Forbidden Knowledge


You were on level 2 of the Shoals.
You worshipped Kikubaaqudgha.
Kikubaaqudgha was exalted by your worship.
You were a filthy swine.
You visited 6 branches of the dungeon, and saw 30 of its levels.
You also visited: Gauntlet and Ice Cave.

You collected 3835 gold pieces.
You spent 3333 gold pieces at shops.

Inventory:

Hand Weapons
 a - the +7 battleaxe "Plog" {vamp, rC- Will+ Dex+3}
   (You bought it in a shop on level 1 of the Snake Pit)

   It occasionally heals its wielder for a portion of the damage dealt when it
   wounds a living foe.
   Dex:       It affects your dexterity (+3).
   rC:        It makes you vulnerable to cold.
   Will:      It increases your willpower.
 b - a +2 dire flail of draining
 w - a +1 vampiric battleaxe
 L - a +7 broad axe of freezing (melded)
Missiles
 n - 2 throwing nets
 y - 14 javelins
 N - 6 curare-tipped darts
Armour
 t - a +2 helmet of see invisible (melded)
 x - a +2 pair of gloves (melded)
 H - a +2 pair of boots of stealth (melded)
 U - the +2 cloak of the Depths (melded) {Dex+5}
   (You acquired it on level 5 of the Lair of Beasts)

   Dex:       It affects your dexterity (+5).
 X - a +2 buckler of cold resistance (melded)
 Z - the +7 Kryia's mail coat (melded) {PotionHeal*2 rC+}
   (You found it in an ice cave)

   Potions are twice as effective at healing its wearer.
   rC:        It protects you from cold.
Jewellery
 g - the ring "Ahuzom" {rPois Int+6}
   (You found it in a Gauntlet)

   [ring of poison resistance]

   Int:       It affects your intelligence (+6).
   rPois:     It protects you from poison.
 s - a ring of willpower
 F - the ring "Mowotol" (melded) {*Slow rElec Str+2 Int+5 Dex+6}
   (You found it on level 6 of the Dungeon)

   [ring of dexterity]

   Str:       It affects your strength (+2).
   Int:       It affects your intelligence (+5).
   Dex:       It affects your dexterity (+6).
   rElec:     It insulates you from electricity.
   *Slow:     It may slow you when you take damage.
 Q - the ring "Zanom" (melded) {Will+ EV+4 Dex+6}
   (You found it on level 2 of the Snake Pit)

   [ring of evasion]

   EV:        It affects your evasion (+4).
   Dex:       It affects your dexterity (+6).
   Will:      It increases your willpower.
 V - the brooch of Shielding (around neck) {Spirit SH+8}
   (You found it in an ice cave)

   [amulet of guardian spirit]

   It causes incoming damage to be divided between your reserves of health and
   magic.
   SH:        It affects your SH (+8).
Wands
 h - a wand of iceblast (1)
 i - a wand of charming (10)
 z - a wand of flame (37)
 A - a wand of polymorph (13)
 B - a wand of acid (16)
 E - a wand of digging (4)
 J - a wand of paralysis (8)
 K - a wand of mindburst (30)
Scrolls
 f - 3 scrolls of blinking
 l - 6 scrolls of teleportation
 I - a scroll of fog
 M - 2 scrolls of silence
 O - 16 scrolls of identify
 P - 2 scrolls of fear
 S - 2 scrolls of summoning
Potions
 d - 4 potions of flight
 e - 2 potions of resistance
 j - 2 potions of lignification
 m - a potion of ambrosia
 p - 2 potions of attraction
 q - 12 potions of curing
 u - 7 potions of invisibility
 v - 2 potions of berserk rage
 C - 3 potions of brilliance
 G - 2 potions of might
 R - a potion of heal wounds
 W - 5 potions of haste
Miscellaneous
 c - a lightning rod (4/4)
 k - a phial of floods
 D - a box of beasts (inert)


   Skills:
 + Level 21.6 Fighting
 - Level 18.0 Axes
 + Level 0.3 Throwing
 + Level 16.1 Armour
 - Level 10.0 Dodging
 - Level 5.0 Stealth
 - Level 4.0 Shields
 - Level 6.0 Spellcasting
 - Level 10.0 Necromancy
 - Level 7.3 Translocations
 - Level 6.0 Evocations


You had 19 spell levels left.
You knew the following spells:

 Your Spells              Type           Power      Damage    Failure   Level
a - Pain                  Necr           100%       1d9       1%          1
b - Vampiric Draining     Necr           27%        2d7       1%          3
c - Animate Dead          Necr           13%        N/A       3%          4
d - Blink                 Tloc           42%        N/A       1%          2

Your spell library contained the following spells:

 Spells                   Type           Power      Damage    Failure   Level
 Sublimation of Blood     Necr           27%        N/A       1%          2
 Gell's Gravitas          Tloc           21%        N/A       2%          3
 Lesser Beckoning         Tloc           21%        N/A       2%          3
 Teleport Other           Tloc           21%        N/A       2%          3
 Corpse Rot               Necr/Air       30%        N/A       3%          2
 Dispel Undead            Necr           27%        3d13      3%          4
 Agony                    Necr           27%        N/A       9%          5
 Excruciating Wounds      Necr           13%        N/A       9%          5
 Sandblast                Erth           6%         2d5       19%         1
 Summon Small Mammal      Summ           12%        N/A       19%         1
 Ensorcelled Hibernation  Hex/Ice        6%         N/A       26%         2
 Passwall                 Tmut/Erth      2%         N/A       26%         2
 Call Canine Familiar     Summ           3%         N/A       47%         3
 Dazzling Flash           Conj/Hex       6%         N/A       47%         3
 Ignite Poison            Fire/Tmut/Pois 3%         N/A       47%         3
 Mephitic Cloud           Conj/Pois/Air  3%         N/A       47%         3
 Ozocubu's Armour         Ice            3%         N/A       47%         3
 Stone Arrow              Conj/Erth      6%         3d7       47%         3
 Summon Guardian Golem    Hex/Summ       3%         N/A       47%         3
 Tukima's Dance           Hex            3%         N/A       47%         3
 Dispersal                Tloc           10%        N/A       80%         6
 Hailstorm                Conj/Ice       3%         3d3       87%         4
 Ice Form                 Ice/Tmut       3%         N/A       87%         4
 Simulacrum               Ice/Necr       7%         N/A       98%         6
 Freezing Cloud           Conj/Ice/Air   1%         6-21      99%         5
 Metabolic Englaciation   Hex/Ice        1%         N/A       99%         5
 Silence                  Hex/Air        1%         N/A       99%         5
 Haunt                    Necr/Summ      7%         N/A       100%        7
 Malign Gateway           Summ/Tloc      6%         N/A       100%        7
 Orb of Destruction       Conj           1%         N/A       100%        7
 Ozocubu's Refrigeration  Ice            1%         4d5       100%        7
 Spellforged Servitor     Conj/Summ      1%         N/A       100%        7
 Disjunction              Tloc           10%        N/A       100%        8
 Infestation              Necr           13%        N/A       100%        8


Dungeon Overview and Level Annotations

Branches:
Dungeon (15/15)            Temple (1/1) D:5            Lair (6/6) D:9
 Shoals (2/4) Lair:2        Snake (4/4) Lair:4        Slime (0/5) Lair:6
    Orc (2/2) D:11            Elf (0/3) Orc:2        Vaults (0/5) D:13
 Depths (0/4) D:15          IceCv (visited)         Gauntlet (visited)

Altars:
Cheibriados
Dithmenos
Elyvilon
Fedhas
Gozag
Hepliaklqana
Kikubaaqudgha
Nemelex Xobeh
Okawaru
Qazlal
Ru
Sif Muna
Trog
Uskayaw
Vehumet
Wu Jian
Xom
Yredelemnul
Zin
Beogh
Lugonu

Shops:
D:4 *   D:9 (   D:11 (   D:13 *   Orc:2 !(!*   Shoals:1 !   Snake:1 (
Snake:2 **   Snake:3 =((

Portals:
Bazaar: Shoals:2

Annotations:
D:5 2 transporters, CowFu's ghost, novice GnMo
D:6 4 runed translucent doors
Shoals:2 Kirke


Message History

* * * LOW HITPOINT WARNING * * *
You block the lindwurm's attack. The lindwurm barely misses you.
You feel much better.
Your hog bites the lindwurm!
The merfolk misses you. You block the lindwurm's attack.
The lindwurm barely misses you. You block the lindwurm's attack.
You hear some strange, mumbled words.
Nothing appears to happen.
You enter the shallow water.
Moving in this stuff is going to be slow.
Kirke appears from thin air!
Reactivating autopickup.
Your hog bites the lindwurm!
The merfolk hits you from afar with a +0 trident.
Kirke mumbles some strange words.
Kirke flickers and vanishes!
Deactivating autopickup; reactivate with Ctrl-A.
Your hog barely misses something.
Your hog bites the lindwurm.
The lindwurm breathes flames at you. The blast of flame hits you!!!
* * * LOW HITPOINT WARNING * * *
The merfolk completely misses you.
Blink to where?
Press: ? - help, Dir - move target Really blink into a travel-excluded area?
Splash!
As you read the scroll of blinking, it crumbles to dust.
You are engulfed in freezing vapours.
* * * LOW HITPOINT WARNING * * *
Your transformation is almost over.
You feel much better.
You are engulfed in freezing vapours.
* * * LOW HITPOINT WARNING * * *
Your hog bites the merfolk but does no damage.
Press: ? - help, v - describe, . - travel Some shallow water.
There is a cloud of freezing vapour here.
Your hog is engulfed in a cloud of scalding steam.
You are engulfed in freezing vapours.
You die...
Kikubaaqudgha rasps: "You have failed me!
Welcome... death!"

▒..≈≈≈≈≈≈≈≈≈.≈≈≈....≈≈..
#.≈≈≈≈≈≈≈≈≈≈≈≈≈≈≈≈≈.....
..≈≈≈≈≈≈≈≈≈≈≈≈≈≈≈≈......
..≈≈≈≈≈≈≈≈≈≈≈≈≈°≈≈.°....
..≈≈≈≈≈≈≈≈≈≈≈≈≈≈≈°......
....≈≈≈≈≈≈≈≈≈°..°°°°....
≈...≈≈≈≈≈≈≈≈....°.○.....
....≈≈≈≈≈§≈....°≈☼......
≈.≈≈≈≈≈≈≈≈≈h>.○≈h≈°°☼≈≈.
.≈≈≈≈≈h≈§§≈.m☼°°≈°°≈≈≈≈≈
.≈≈≈≈≈(k≈§≈...°°≈°°≈°≈≈≈
≈≈≈≈≈H....≈.°°...°≈≈≈≈≈≈
≈≈≈≈.##...≈≈....≈≈≈≈≈≈≈≈
≈≈≈≈.#▒...≈≈°≈≈°°≈≈≈≈≈≈≈
≈≈≈≈.###.≈≈≈≈≈≈≈≈≈≈≈≈≈≈≈
≈≈≈≈†....≈≈≈≈≈≈≈≈≈≈≈≈≈≈≈
≈≈≈≈≈≈≈...≈≈≈≈≈≈≈≈≈..≈≈≈


You could see a merfolk and a friendly hog (summoned).

Vanquished Creatures
  Vashnia (Snake:2)
  Jorgrun (Orc:1)
  Gastronok (Lair:3)
  The ghost of bearlyready the Thaumaturge, an adept GnAE of Cheibriados (Snake:2)
  11 nagarajas
  Aizul (Snake:2)
  A very ugly thing (D:15)
  A reaper (Gauntlet)
  A minotaur (Gauntlet)
  A white draconian (IceCv)
  A blizzard demon (Gauntlet)
  Snorg (Lair:5)
  A merfolk impaler (Shoals:1)
  A rakshasa (D:15)
  3 salamander tyrants
  5 hydras
  25 naga warriors
  3 boulder beetles
  4 vault guards (D:13)
  4 catoblepae
  A merfolk aquamancer (Shoals:2)
  11 anacondas
  2 ogre magi (Orc:2)
  12 two-headed ogres
  3 centaur warriors
  4 death yaks (Lair:6)
  An orc high priest (Orc:2)
  8 tengu warriors
  11 naga sharpshooters
  8 shock serpents
  3 salamander mystics
  A glowing orange brain (D:15)
  8 sea snakes
  2 deep trolls (Orc:2)
  A lindwurm (Lair:1)
  8 naga ritualists
  A deep elf pyromancer (D:12)
  6 harpies
  11 mana vipers
  3 orc sorcerers
  2 fauns (shapeshifter)
  6 orc knights
  19 salamanders
  11 manticores
  15 ugly things
  4 cyclopes
  A merfolk siren (Shoals:1)
  19 naga magi
  11 guardian serpents
  4 ice statues
  17 elephants (Lair:6)
  A water nymph (Shoals:1)
  41 black mambas
  10 cane toads
  A gargoyle (D:14)
  9 rime drakes
  Maggie (D:6)
  2 unseen horrors (D:12)
  8 kobold demonologists
  4 tengu conjurers
  12 komodo dragons
  A freezing wraith (D:14)
  3 meliai (D:15)
  6 merfolk
  A spectral guardian serpent (Snake:2)
  A meliai (shapeshifter) (D:14)
  2 hellwings (Gauntlet)
  2 burning bushes (Lair:2)
  17 trolls
  5 dream sheep
  28 slime creatures
  9 blink frogs
  3 snapping turtles
  2 spectral black mambas (Snake:2)
  5 wyverns
  6 water elementals
  3 shadows
  A centaur simulacrum (D:15)
  38 yaks
  9 basilisks
  A fire elemental (D:11)
  5 hogs (Shoals:2)
  5 wraiths
  2 steam dragons
  Menkaure (D:5)
  3 vampire mosquitoes (D:13)
  46 nagas
  9 wargs
  17 water moccasins
  3 acid dragons
  3 sky beasts
  18 orc warriors
  25 ogres
  4 ice beasts
  A hornet zombie (D:9)
  2 black mamba simulacra (Snake:2)
  17 centaurs
  2 necrophages
  15 wolves
  A phantom (D:6)
  10 kobold brigands
  11 bullfrogs
  A gnoll sergeant (D:6)
  2 wyvern zombies
  A water moccasin zombie (D:5)
  3 scorpions
  A wyvern skeleton (D:6)
  A hornet simulacrum (D:15)
  A water moccasin skeleton (D:3)
  11 killer bees
  2 spectral nagas (Snake:2)
  5 lindwurm simulacra (IceCv)
  3 wights (D:9)
  4 electric eels
  12 howler monkeys
  A bullfrog zombie (D:6)
  6 hounds
  A human zombie (D:10)
  5 komodo dragon simulacra (IceCv)
  3 bullfrog skeletons
  12 centaur zombies
  5 orc priests
  Crazy Yiuf (D:5)
  2 jellies
  Ijyb (D:5)
  4 iguanas
  7 orc wizards
  3 howler monkey zombies
  6 gnolls
  4 acid dragon simulacra (IceCv)
  A howler monkey skeleton (D:4)
  7 adders
  4 naga simulacra (Snake:2)
  A shadow imp (D:5)
  A white imp (Gauntlet)
  2 ufetubi
  7 steam dragon simulacra (IceCv)
  An adder skeleton (D:4)
  A worm (D:3)
  A dart slug (D:4)
  38 orcs
  3 bats
  7 endoplasms
  4 giant cockroaches
  3 goblins
  4 hobgoblins
  7 jackals (D:1)
  2 quokkas (D:2)
  4 ball pythons
  5 frilled lizards
  24 kobolds
  4 rats
  A butterfly (Lair:5)
  A fire vortex (D:11)
955 creatures vanquished.

Vanquished Creatures (collateral kills)
  2 hogs (Shoals:2)
2 creatures vanquished.

Vanquished Creatures (others)
  2 anacondas (Snake:2)
  A rime drake (IceCv)
  15 fungi
  94 plants
  5 toadstools (D:1)
117 creatures vanquished.

Grand Total: 1074 creatures vanquished

Notes
Turn   | Place    | Note
-------+----------+-------------------------------------------
     0 | D:1      | silenth the Hill Orc Fighter began the quest for the Orb.
     0 | D:1      | Reached XP level 1. HP: 19/19 MP: 1/1
   131 | D:1      | Reached skill level 3 in Axes
   310 | D:1      | Reached XP level 2. HP: 27/27 MP: 2/2
   320 | D:1      | Found a faded altar of an unknown god.
   596 | D:1      | Reached skill level 4 in Fighting
   784 | D:2      | Reached skill level 4 in Axes
   792 | D:2      | Reached XP level 3. HP: 33/33 MP: 3/3
  1038 | D:2      | Reached XP level 4. HP: 34/41 MP: 4/4
  1040 | D:2      | Reached skill level 5 in Axes
  1577 | D:2      | You fall into a shaft and drop 2 floors!
  1604 | D:4      | Found Wuequxt's Assorted Antiques.
  1606 | D:4      | Reached XP level 5. HP: 44/47 MP: 5/5
  1687 | D:4      | Reached skill level 5 in Fighting
  1687 | D:4      | Reached skill level 6 in Axes
  1936 | D:3      | Found a white marble altar of Elyvilon.
  2935 | D:4      | Reached XP level 6. HP: 56/56 MP: 6/6
  2949 | D:4      | Reached skill level 7 in Axes
  3011 | D:4      | Found a radiant altar of Vehumet.
  3063 | D:4      | Found a shimmering blue altar of Sif Muna.
  3074 | D:4      | Found a hide-covered altar of Uskayaw.
  3075 | D:4      | Found a sparkling altar of Nemelex Xobeh.
  3077 | D:4      | Found a snail-covered altar of Cheibriados.
  3245 | D:4      | Found a blossoming altar of Fedhas.
  3365 | D:4      | Reached skill level 6 in Fighting
  3425 | D:5      | Entered Level 5 of the Dungeon
  3448 | D:5      | Reached skill level 8 in Axes
  3448 | D:5      | Reached XP level 7. HP: 57/63 MP: 7/7
  3504 | D:5      | Found a runed translucent door.
  3505 | D:5      | Noticed Crazy Yiuf
  3529 | D:5      | Noticed CowFu's ghost (novice GnMo)
  3544 | D:5      | Found a transporter.
  3548 | D:5      | Found a transporter.
  3577 | D:5      | Reached skill level 9 in Axes
  3733 | D:5      | Noticed Ijyb
  3741 | D:5      | Killed Ijyb
  3774 | D:5      | Reached skill level 7 in Fighting
  3774 | D:5      | Reached XP level 8. HP: 73/73 MP: 8/8
  3787 | D:5      | Found a staircase to the Ecumenical Temple.
  3944 | D:5      | Noticed Menkaure
  3950 | D:5      | Killed Menkaure
  3951 | D:5      | Reached skill level 10 in Axes
  3988 | Temple   | Entered the Ecumenical Temple
  4065 | Temple   | Became a worshipper of Kikubaaqudgha
  4364 | D:5      | Found an ornate altar of the Wu Jian Council.
  4446 | D:5      | Killed Crazy Yiuf
  4548 | D:6      | Found a large runed translucent door.
  4548 | D:6      | Found a large runed translucent door.
  4549 | D:6      | Noticed a manticore
  4550 | D:6      | Noticed a cyclops
  4552 | D:6      | Found a large runed translucent door.
  4553 | D:6      | Found a large runed translucent door.
  4591 | D:6      | Reached skill level 11 in Axes
  4615 | D:6      | Reached skill level 8 in Fighting
  4738 | D:6      | Noticed Maggie
  4757 | D:6      | Killed Maggie
  4758 | D:6      | Reached skill level 12 in Axes
  4758 | D:6      | Reached XP level 9. HP: 32/82 MP: 9/9
  4987 | D:6      | Reached * piety under Kikubaaqudgha
  4987 | D:6      | Received a gift from Kikubaaqudgha
  5004 | D:6      | Reached skill level 9 in Fighting
  5007 | D:6      | Noticed a troll
  5015 | D:6      | Killed a troll
  5016 | D:6      | Reached skill level 13 in Axes
  5118 | D:6      | Learned a level 1 spell: Pain
  5122 | D:6      | Learned a level 3 spell: Vampiric Draining
  5137 | D:6      | Identified the ring "Mowotol" {*Slow rElec Str+2 Int+5
                  | Dex+6}
  5341 | D:7      | Reached skill level 1 in Dodging
  5392 | D:4      | Bought a pair of embroidered boots for 172 gold pieces
  5400 | D:4      | Identified a scroll of acquirement
  5400 | D:4      | Acquired 519 gold pieces
  5459 | D:7      | Found a hazy altar of Hepliaklqana.
  5801 | D:7      | Reached skill level 4 in Armour
  5825 | D:7      | Reached skill level 4 in Shields
  5873 | D:7      | Reached ** piety under Kikubaaqudgha
  5874 | D:7      | Reached skill level 14 in Axes
  6095 | D:8      | Reached XP level 10. HP: 89/93 MP: 10/10
  6117 | D:8      | Identified the +5 ring mail "Put-Me-On" {rPois Str-3 Int+4}
  6183 | D:4      | Bought an orange potion for 20 gold pieces
  6183 | D:4      | Bought a scroll of identify for 46 gold pieces
  6183 | D:4      | Bought a scroll of identify for 46 gold pieces
  6320 | D:8      | Identified the +1 leather armour of Weirdness {Fly rN+
                  | Str+3 Stlth+}
  6327 | D:8      | Identified the +0 ring mail of Beagut {rElec Str+2 Stlth+}
  6504 | D:8      | Reached skill level 2 in Dodging
  6541 | D:8      | Reached skill level 10 in Fighting
  6862 | D:9      | Reached skill level 5 in Armour
  6868 | D:9      | Reached skill level 1 in Evocations
  6875 | D:9      | Found a staircase to the Lair.
  6898 | D:9      | Reached skill level 15 in Axes
  6898 | D:9      | Reached skill level 2 in Evocations
  6921 | D:9      | Found a glowing silver altar of Zin.
  6935 | D:9      | Reached skill level 3 in Dodging
  7175 | D:9      | Noticed a seven-headed hydra
  7245 | D:9      | Noticed an ice statue
  7343 | D:9      | Found a runed translucent door.
  7350 | D:9      | Noticed a kobold demonologist
  7438 | D:9      | Killed a seven-headed hydra
  7439 | D:9      | Reached skill level 6 in Armour
  7476 | D:9      | Reached XP level 11. HP: 63/101 MP: 11/11
  7644 | D:9      | Found Baybob's Antique Weapon Shop.
  7926 | D:9      | Found a stormy altar of Qazlal.
  7936 | D:9      | Identified the +10 spear of Bepril {antimagic, Dex+3}
  7950 | D:9      | Found a runed translucent door.
  8098 | D:9      | Reached skill level 11 in Fighting
  8152 | D:9      | Reached skill level 16 in Axes
  8180 | D:9      | Noticed a centaur warrior
  8192 | D:9      | Killed a centaur warrior
  8193 | D:9      | Reached skill level 7 in Armour
  8316 | D:9      | Noticed a tengu warrior
  8342 | D:8      | Killed a tengu warrior
  8343 | D:8      | Reached skill level 12 in Fighting
  8717 | D:10     | Entered Level 10 of the Dungeon
  8762 | D:9      | Reached *** piety under Kikubaaqudgha
  8762 | D:9      | Received a gift from Kikubaaqudgha
  9268 | D:10     | Noticed a two-headed ogre
  9290 | D:10     | Killed a two-headed ogre
  9751 | D:10     | Learned a level 4 spell: Animate Dead
  9752 | D:10     | Found a bloodstained altar of Trog.
 10215 | D:10     | Reached skill level 1 in Necromancy
 10225 | D:10     | Reached skill level 4 in Dodging
 10225 | D:10     | Reached skill level 1 in Spellcasting
 10246 | D:10     | Reached skill level 8 in Armour
 10248 | D:10     | Found a basalt altar of Yredelemnul.
 10255 | D:10     | Reached skill level 13 in Fighting
 10259 | D:10     | Reached skill level 2 in Necromancy
 10271 | D:10     | Reached XP level 12. HP: 89/115 MP: 14/14
 10530 | D:11     | Found a staircase to the Orcish Mines.
 10669 | D:11     | Reached skill level 2 in Spellcasting
 10735 | D:11     | Reached skill level 3 in Necromancy
 10738 | D:11     | Reached **** piety under Kikubaaqudgha
 10869 | D:11     | Found Negg's Antique Weapon Boutique.
 10940 | D:11     | Found a glowing silver altar of Zin.
 11030 | D:11     | Reached skill level 5 in Dodging
 11422 | D:12     | Reached skill level 9 in Armour
 11422 | D:12     | Reached skill level 4 in Necromancy
 11442 | D:12     | Found a frozen archway.
 11657 | IceCv    | Entered an ice cave
 12139 | IceCv    | Found the +7 Kryia's mail coat {PotionHeal*2 rC+}
 13181 | IceCv    | Reached skill level 14 in Fighting
 13732 | IceCv    | Noticed a white draconian
 13734 | IceCv    | Found the brooch of Shielding {Spirit SH+8}
 13765 | IceCv    | Killed a white draconian
 13766 | IceCv    | Reached skill level 6 in Dodging
 14189 | Lair:1   | Entered Level 1 of the Lair of Beasts
 14499 | Lair:1   | Reached skill level 10 in Armour
 14499 | Lair:1   | Reached XP level 13. HP: 116/125 MP: 14/16
 14824 | Lair:1   | Reached ***** piety under Kikubaaqudgha
 14917 | D:9      | Bought an iridescent whip for 142 gold pieces
 14917 | D:9      | Identified the +3 whip of Ympeop {freeze, Str+3} (You
                  | bought it in a shop on level 9 of the Dungeon)
 15032 | Lair:1   | Reached skill level 17 in Axes
 15581 | Lair:2   | Found a gate leading to a gauntlet.
 15590 | Gauntlet | Entered a Gauntlet
 15590 | Gauntlet | Found a transporter.
 15593 | Gauntlet | Found a transporter.
 15595 | Gauntlet | Noticed a blizzard demon
 15611 | Gauntlet | Found a transporter.
 15613 | Gauntlet | Found a transporter.
 15631 | Gauntlet | Found a transporter.
 15643 | Gauntlet | Found a runed translucent door.
 15644 | Gauntlet | Found a transporter.
 15644 | Gauntlet | Noticed a reaper
 15657 | Gauntlet | Found a transporter.
 15657 | Gauntlet | Noticed a balrug
 15677 | Gauntlet | Found a transporter.
 15681 | Gauntlet | Found a transporter.
 15682 | Gauntlet | Found the necklace of Bloodlust {*Rage Will++ Int-3 Slay+6}
 15689 | Gauntlet | Found a transporter.
 15715 | Gauntlet | Found a transporter.
 15719 | Gauntlet | Found a transporter.
 15723 | Gauntlet | Found a runed translucent door.
 15724 | Gauntlet | Found the ring of Shadows {Umbra +Inv Stlth+}
 15753 | Gauntlet | Found a runed translucent door.
 15873 | Gauntlet | Killed a blizzard demon
 15874 | Gauntlet | Reached skill level 15 in Fighting
 15970 | Gauntlet | Killed a reaper
 15978 | Gauntlet | Identified the ring "Ahuzom" {rPois Int+6}
 16343 | Gauntlet | Noticed a minotaur
 16363 | Gauntlet | Killed a minotaur
 16364 | Gauntlet | Reached skill level 18 in Axes
 16546 | Gauntlet | Got Sif Muna's Reference Book on Translocation
 16840 | Lair:2   | Found a staircase to the Shoals.
 17209 | Lair:3   | Noticed Gastronok
 17219 | Lair:3   | Killed Gastronok
 17403 | Lair:3   | Reached skill level 16 in Fighting
 17894 | Lair:4   | Found a staircase to the Snake Pit.
 17984 | Lair:4   | Identified the +7 mace of the Nexus {venom, Dex+4}
 18386 | Lair:4   | Reached skill level 17 in Fighting
 18892 | Lair:5   | Acquired the +2 cloak of the Depths {Dex+5}
 19107 | Lair:5   | Noticed Snorg
 19131 | Lair:5   | Killed Snorg
 19132 | Lair:5   | Reached XP level 14. HP: 131/140 MP: 17/17
 19818 | Lair:6   | Entered Level 6 of the Lair of Beasts
 20327 | Lair:6   | Reached skill level 7 in Dodging
 20332 | Lair:6   | Reached skill level 11 in Armour
 20357 | Lair:6   | Reached skill level 18 in Fighting
 21192 | Lair:6   | Found the +7 great mace "Undeadhunter" {disrupt, rN+}
 21687 | Lair:6   | Found a staircase to the Slime Pits.
 22064 | D:12     | Reached ****** piety under Kikubaaqudgha
 22088 | D:12     | Learned a level 2 spell: Blink
 22206 | D:12     | Reached skill level 8 in Dodging
 22412 | D:12     | Reached skill level 12 in Armour
 22760 | D:12     | Reached skill level 1 in Translocations
 22989 | Orc:1    | Entered Level 1 of the Orcish Mines
 22989 | Orc:1    | Noticed Jorgrun
 23001 | Orc:1    | Killed Jorgrun
 23002 | Orc:1    | Reached XP level 15. HP: 134/150 MP: 16/18
 23057 | Orc:1    | Found a roughly hewn altar of Beogh.
 23505 | Orc:2    | Entered Level 2 of the Orcish Mines
 23700 | Orc:2    | Reached skill level 2 in Translocations
 23706 | Orc:2    | Found Ide Xyli's Armour Boutique.
 24026 | Orc:2    | Reached skill level 3 in Spellcasting
 24365 | Orc:2    | Found a staircase to the Elven Halls.
 24665 | Orc:2    | Reached skill level 5 in Necromancy
 25048 | Orc:2    | Reached skill level 19 in Fighting
 25076 | Orc:2    | Reached skill level 3 in Translocations
 25270 | Orc:2    | Found Gaarhaz's Distillery.
 25274 | Orc:2    | Found Gesoof's Antique Weapon Boutique.
 25278 | Orc:2    | Found Iplamase's Distillery.
 25287 | Orc:2    | Found Umuer's General Store.
 25444 | Orc:2    | Bought a glowing broad axe for 231 gold pieces
 25452 | Orc:2    | Bought a potion of curing for 39 gold pieces
 25452 | Orc:2    | Bought 2 potions of haste for 260 gold pieces
 25452 | Orc:2    | Bought a potion of ambrosia for 104 gold pieces
 25452 | Orc:2    | Bought a potion of curing for 39 gold pieces
 25452 | Orc:2    | Bought a potion of curing for 39 gold pieces
 25457 | Orc:2    | Bought a scroll of teleportation for 48 gold pieces
 25457 | Orc:2    | Bought a box of beasts for 640 gold pieces
 25468 | Orc:2    | Bought a potion of curing for 51 gold pieces
 25468 | Orc:2    | Bought a potion of haste for 170 gold pieces
 25642 | D:13     | Found Dicrupecw's General Store.
 25666 | D:13     | Bought a scroll of teleportation for 45 gold pieces
 25717 | D:13     | Found a gate to the Vaults.
 25757 | D:13     | Reached skill level 6 in Necromancy
 26059 | D:13     | Reached skill level 4 in Spellcasting
 26170 | D:13     | Reached skill level 9 in Dodging
 26182 | D:13     | Found a sparkling altar of Nemelex Xobeh.
 26428 | D:13     | Reached skill level 13 in Armour
 26435 | D:13     | Reached XP level 16. HP: 160/160 MP: 22/22
 26752 | D:14     | Reached skill level 4 in Translocations
 26801 | D:14     | Reached skill level 1 in Stealth
 27447 | D:15     | Entered Level 15 of the Dungeon
 27632 | D:15     | Reached skill level 2 in Stealth
 27909 | D:15     | Reached skill level 7 in Necromancy
 28394 | D:15     | Reached skill level 5 in Spellcasting
 28468 | D:15     | Reached skill level 3 in Stealth
 28620 | D:15     | Found a staircase to the Depths.
 29090 | Snake:1  | Entered Level 1 of the Snake Pit
 29207 | Snake:1  | Found Tuemusty's Weapon Shop.
 29217 | Snake:1  | Bought the +7 battleaxe "Plog" {vamp, rC- Will+ Dex+3} for
                  | 796 gold pieces
 29761 | Snake:1  | Identified the +1 mace of an ossuary {vorpal, rN++ Int+2
                  | Dex-2}
 30873 | Snake:2  | Noticed a nagaraja
 30874 | Snake:2  | Found a runed translucent gate.
 30874 | Snake:2  | Found a runed translucent gate.
 30874 | Snake:2  | Found a runed translucent gate.
 30887 | Snake:2  | Killed a nagaraja
 30974 | Snake:2  | Reached skill level 4 in Stealth
 31034 | Snake:2  | Reached skill level 20 in Fighting
 31042 | Snake:2  | Found Elivuf's Assorted Antiques.
 31338 | Snake:2  | Bought a scroll of blinking for 277 gold pieces
 31424 | Snake:2  | Reached XP level 17. HP: 144/170 MP: 25/25
 31518 | Snake:2  | Noticed bearlyready's ghost (adept GnAE)
 31567 | Snake:2  | Noticed Aizul
 31568 | Snake:2  | Noticed Vashnia
 32137 | Snake:2  | Reached skill level 10 in Dodging
 32139 | Snake:2  | Reached skill level 8 in Necromancy
 32250 | Snake:2  | Reached skill level 14 in Armour
 32267 | Snake:2  | Killed Aizul
 32311 | Snake:2  | Identified the ring "Zanom" {Will+ EV+4 Dex+6}
 32555 | Snake:2  | Killed Vashnia
 32556 | Snake:2  | Reached skill level 3 in Evocations
 32576 | Snake:2  | Found Xegap's General Store.
 32594 | Snake:2  | Reached skill level 6 in Spellcasting
 33152 | Snake:2  | Reached skill level 5 in Stealth
 33171 | Snake:2  | Killed bearlyready's ghost
 33582 | Snake:3  | Reached skill level 5 in Translocations
 33582 | Snake:3  | Reached skill level 4 in Evocations
 33901 | Snake:3  | Found a glowing silver altar of Zin.
 33975 | Snake:3  | Reached skill level 9 in Necromancy
 34334 | Snake:3  | Found Syveuv's Antique Weapon Shop.
 34336 | Snake:3  | Found Bipibreg's Antique Weapon Boutique.
 34338 | Snake:3  | Found Idia's Jewellery Shop.
 34817 | Snake:4  | Entered Level 4 of the Snake Pit
 34827 | Snake:4  | Reached skill level 5 in Evocations
 35068 | Snake:4  | Reached XP level 18. HP: 180/180 MP: 27/27
 35665 | Snake:4  | Reached skill level 15 in Armour
 35789 | Snake:4  | Reached skill level 6 in Evocations
 35880 | Snake:4  | Reached skill level 21 in Fighting
 35880 | Snake:4  | Reached skill level 10 in Necromancy
 35899 | Snake:4  | Reached skill level 6 in Translocations
 36182 | Snake:4  | Upgraded the game from 0.28-a0-1227-ga9037bb4c8 to
                  | 0.28-a0-1234-g826d19b2e0
 37384 | Snake:4  | Got a serpentine rune of Zot
 37883 | Shoals:1 | Entered Level 1 of the Shoals
 37904 | Shoals:1 | Found Egot's Distillery.
 37917 | Shoals:1 | Bought a potion of heal wounds for 60 gold pieces
 37917 | Shoals:1 | Bought a potion of berserk rage for 60 gold pieces
 37917 | Shoals:1 | Bought a potion of might for 48 gold pieces
 38016 | Shoals:1 | Reached skill level 7 in Translocations
 38166 | Shoals:1 | Got the Disquisition on the Hurtful Glacier
 38707 | Shoals:2 | Reached skill level 16 in Armour
 38979 | Shoals:2 | Found a flickering gateway to a bazaar.
 38985 | Shoals:2 | Noticed Kirke
 39070 | Shoals:2 | HP: 8/183 [something (15)]
 39073 | Shoals:2 | Engulfed by a cloud of freezing vapour

Illustrated notes

Levels and vault maps discovered:
D:1:      ldierk_walled_garden, layout_basic,
          ebering_ecumenical_altar_sacrificial
D:2:      layout_loops_corners, minmay_close_crescents
D:3:      layout_loops_ring, elyvilon_altar_1
D:4:      layout_basic, nicolae_vehumet_altar_sigil, fedhas_altar_fruit_tree,
          minitemple, serial_shops, nicolae_stop_n_shop_1
D:5:      layout_cave_pods, general_overflow_altar, temple_pool_b,
          gammafunk_ghost_arena, minivault_27, uniq_menkaure, uniq_ijyb,
          uniq_crazy_yiuf_cottage
D:6:      layout_rooms, minmay_hollow_rounded_squares, uniq_maggie
D:7:      layout_rooms, amcnicky_altar_gilded
D:8:      layout_loops_cross
D:9:      cheibrodos_histonic, layout_rooms, nicolae_qazlal_scattered_showers,
          mainiacjoe_overflow_alcove_4, minmay_lair_entry_grove, serial_shops,
          nicolae_lakefront_shop, chequers_serial_rivers_large_b, minivault_16
D:10:     layout_roguey, lemuel_coloured_pillars_altar,
          lemuel_mausoleum_altar_yredelemnul
D:11:     layout_irregular_city, david_orc_1_choice, serial_shops,
          nicolae_inconvenience_store, zin_scriptorium
D:12:     layout_roguey, portal_ice_cave_rime, roderic_roman_lattice
D:13:     layout_roguey, lightli_vaults_fourway_checkpoint, serial_shops, shop,
          dk_noncrumbling_4, nemelex_xobeh_ov_fountains_minmay
D:14:     layout_basic
D:15:     gammafunk_enter_depths_forms, layout_irregular_city,
          minmay_tree_intersection
Temple:   kb_corrupted_temple
Lair:1:   layout_loops_ring
Lair:2:   layout_regular_city, elwin_shoals_entry_rocks, gauntlet_entry_generic,
          dreamdust_deal_with_the_devil, evilmike_ambush
          [evilmike_ambush_outer_doors, evilmike_ambush_inner_wall_1]
Lair:3:   layout_regular_city, uniq_gastronok
Lair:4:   layout_layer_cave, minmay_snake_entry_guardpost_small,
          infiniplex_staircase_pool_2
Lair:5:   layout_cave_pods, serial_bayou_lagoon_a, lemuel_fruit_fields,
          lemuel_fruit_tree, uniq_snorg
Lair:6:   evilmike_catoblepas_cave, layout_cave_pods, slime_dummy,
          serial_bayou_crossing
Shoals:1: layout_shoals, serial_shops, nicolae_shop_competitors_out_of_business
Shoals:2: layout_shoals, serial_shops, freezing_bzr, uniq_kirke
Snake:1:  layout_onion, serial_shops, nicolae_lakefront_shop,
          dpeg_stationary_puzzle, grunt_megastairs_5
Snake:2:  nrook_guardian_serpent_snake_passage, layout_gridlike,
          gammafunk_ghost_necromancy, serial_shops, shop,
          nicolae_shop_window_shopping, st_stairs_14, guppyfry_library_mini,
          uniq_vashnia, uniq_aizul
Snake:3:  layout_chambers, basic_altar, serial_bayou_shore_a,
          serial_bayou_shore_b, minmay_shop_star
Snake:4:  grunt_snake_rune_serpentine_throne, layout_cave_town
Orc:1:    layout_caves, mines2_david, uniq_jorgrun
Orc:2:    st_orc_open, layout_caves, special_room, guppyfry_orc_lava_fort

Skill      XL: |  1  2  3  4  5  6  7  8  9 10 11 12 13 14 15 16 17 18 |
---------------+-------------------------------------------------------+-----
Axes           | 3 4 5 6 8 9 12 14 15 16 18 | 18.0
Fighting       | 4 5 6 7 8 9 10 13 14 17 18 19 20 21 | 21.6
Dodging        | 1 3 4 6 8 9 10 | 10.0
Armour         | 4 6 8 10 12 13 14 16 | 16.1
Shields        | 4 |  4.0
Evocations     | 2 5 6 |  6.0
Necromancy     | 2 4 6 7 9 10 | 10.0
Spellcasting   | 1 2 4 5 6 |  6.0
Translocations | 1 3 4 5 7 |  7.3
Stealth        | 4 5 |  5.0
Throwing       | |  0.3

Action                   |  1- 3 |  4- 6 |  7- 9 | 10-12 | 13-15 | 16-18 || total
-------------------------+-------+-------+-------+-------+-------+-------++-------
Melee: War axe           |    62 |   127 |   216 |   503 |       |       ||   908
       Flail             |       |       |       |    16 |       |       ||    16
       Broad axe         |       |       |       |    34 |   844 |   401 ||  1279
       Mace              |       |       |       |       |     8 |    12 ||    20
       Battleaxe         |       |       |       |       |       |   991 ||   991
       Unarmed           |       |       |       |       |       |    37 ||    37
Evoke: Wand              |       |       |       |    13 |     3 |     4 ||    20
       Phial of floods   |       |       |       |     1 |       |       ||     1
       Lightning rod     |       |       |       |       |     4 |       ||     4
       Box of beasts     |       |       |       |       |     1 |     2 ||     3
  Use: Potion            |     1 |       |     1 |     9 |     2 |     2 ||    15
       Scroll            |       |     6 |    11 |     7 |    12 |     8 ||    44
 Stab: Distracted        |       |       |     1 |       |       |       ||     1
       Petrified         |       |       |       |       |     2 |       ||     2
       Sleeping          |       |       |       |       |       |     9 ||     9
Armor: Scale mail        |    38 |    10 |       |     3 |   294 |   114 ||   459
       Troll leather arm |       |    29 |    53 |       |       |       ||    82
       Skin              |       |       |    14 |    19 |       |       ||    33
       Ring mail         |       |       |       |   238 |       |       ||   238
       Plate armour      |       |       |       |       |       |   399 ||   399
Dodge: Dodged            |    37 |    57 |    92 |   243 |   278 |   818 ||  1525
Block: Buckler           |    12 |    23 |    40 |   118 |   474 |   267 ||   934
       Other             |       |       |       |       |       |   366 ||   366

Table legend: (Time is in decaauts)
 A = Elapsed time spent in this place.
 B = Non-inter-level travel time spent in this place.
 C = Inter-level travel time spent in this place.
 D = Time resting spent in this place.
 E = Time spent auto-exploring this place.
 F = Levels seen in this place.
 G = Mean time per level.
                   A        B        C        D        E       F      G
               +--------+--------+--------+--------+--------+-----+--------+
         Total |  38652 |  35535 |   3117 |   9155 |  19398 |  32 | 1207.9 |
       Dungeon |  16236 |  14637 |   1599 |   2280 |   9571 |  15 | 1082.4 |
        Temple |     93 |     72 |     21 |      0 |     56 |   1 |   93.0 |
          Lair |   7253 |   6250 |   1003 |    658 |   4471 |   6 | 1208.8 |
        Shoals |   1158 |   1110 |     48 |     12 |    623 |   2 |  579.0 |
     Snake Pit |   7986 |   7790 |    196 |   2637 |   3479 |   4 | 1996.5 |
  Orcish Mines |   2596 |   2349 |    247 |   1045 |    926 |   2 | 1298.0 |
      Ice Cave |   2368 |   2368 |      0 |   1954 |     98 |   1 | 2368.0 |
      Gauntlet |    958 |    958 |      0 |    569 |    172 |   1 |  958.0 |
               +--------+--------+--------+--------+--------+-----+--------+

Top non-repeatable levels by time:
   IceCv: 2368 daAuts
 Snake:4: 2290 daAuts
 Snake:2: 2181 daAuts
     D:9: 2001 daAuts
  Lair:6: 1862 daAuts
 Snake:1: 1846 daAuts
   Orc:1: 1684 daAuts
 Snake:3: 1667 daAuts
  Lair:1: 1359 daAuts
    D:10: 1309 daAuts
     D:2: 1272 daAuts
    D:15: 1268 daAuts
    D:12: 1264 daAuts
     D:8: 1248 daAuts
    D:11: 1234 daAuts
